 Dungeon Crawl Stone Soup version 0.27-a0-988-g25969acef8 (webtiles) character file.

Game seed: 4843707325344480800

443 funkygono the Firebug (level 6, -2/45 HPs)
             Began as a Draconian Fire Elementalist on Apr 16, 2021.
             Slain by an orc priest
             ... wielding a +0 club
              (4 damage)
             ... on level 5 of the Dungeon.
             The game lasted 00:10:49 (5923 turns).

funkygono the Firebug (Draconian Fire Elementalist) Turns: 5923, Time: 00:10:50

Health: -2/45      AC:  7    Str: 10    XL:     6   Next: 71%
Magic:  8/11       EV: 12    Int: 18    God:
Gold:   182        SH:  0    Dex: 11    Spells: 4/12 levels left

rFire    . . .     SeeInvis .   r - +1 mace (protect)
rCold    . . .     Faith    .   (no shield)
rNeg     . . .     Spirit   .   (armour unavailable)
rPois    .         Reflect  .   (helmet restricted)
rElec    .         Harm     .   (no cloak)
rCorr    .         Rampage  .   e - +0 pair of gloves
Will     .....                  (no boots)
Stlth    ++........             (no amulet)
HPRegen  0.15/turn              (no ring)
MPRegen  0.12/turn              (no ring)

@: no status effects
A: AC +6, unfitting armour, cold-blooded
a: no special abilities


You were on level 5 of the Dungeon.
You visited 1 branch of the dungeon, and saw 5 of its levels.

You collected 182 gold pieces.

Inventory:

Hand Weapons
 a - a +0 whip
 r - a +1 mace of protection (weapon)
Armour
 e - a +0 pair of gloves (worn)
 m - a +0 buckler
Wands
 o - a wand of digging (3)
 q - a wand of charming (5)
Scrolls
 c - a scroll of amnesia
 f - 2 scrolls of magic mapping
 h - a scroll of vulnerability
 n - a scroll of summoning
 s - a scroll of immolation {unknown}
 t - a scroll of fear
 u - 3 scrolls of enchant armour
Potions
 b - a potion of cancellation {unknown}
 d - a potion of brilliance
 g - a potion of attraction
 i - a potion of might
 j - a potion of resistance
 k - a potion of curing
 l - a potion of haste {unknown}
 p - 2 potions of lignification


   Skills:
 + Level 0.1 Fighting
 + Level 0.2 Maces & Flails
 + Level 2.2 Dodging
 - Level 1.7 Stealth
 * Level 3.6 Spellcasting
 * Level 3.7 Conjurations
 * Level 5.4 Fire Magic


You had 4 spell levels left.
You knew the following spells:

 Your Spells              Type           Power      Damage    Failure   Level
a - Foxfire               Conj/Fire      76%        2x1d7     2%          1
b - Conjure Flame         Conj/Fire      19%        6-21      7%          3
c - Sticky Flame          Conj/Fire      19%        2d4       24%         4

Your spell library contained the following spells:

 Spells                   Type           Power      Damage    Failure   Level
 Corona                   Hex            3%         N/A       16%         1
 Inner Flame              Hex/Fire       13%        N/A       16%         3
 Slow                     Hex            3%         N/A       24%         2
 Portal Projectile        Hex/Tloc       6%         N/A       43%         3
 Cause Fear               Hex            1%         N/A       83%         4
 Leda's Liquefaction      Hex/Erth       1%         N/A       83%         4
 Fireball                 Conj/Fire      9%         3d6       54%         5


Dungeon Overview and Level Annotations

Branches:
Dungeon (5/15)
 Temple: D:4-7

Altars:
Hepliaklqana
Trog
The Shining One

Shops:
D:5 =


Innate Abilities, Weirdness & Mutations

Your plain brown scales are hard. (AC +6)
You cannot fit into any form of body armour.
You are cold-blooded and may be slowed by cold attacks.


Message History

Sorry, you're not good enough to have a special ability.
Unknown command.
You're too confused to cast spells.
Sorry, you're not good enough to have a special ability.
Unknown command.
Okay, then.
The orc priest invokes the aid of Beogh against you.
Beogh smites you!
A puff of flame appears from out of thin air!
The puff of flame hits something.
Reactivating autopickup.
You feel a bit more experienced.
The orc priest invokes the aid of Beogh against you.
Pain shoots through your body!
Found Leutiam's Jewellery Shoppe.
Things that are here:
a +0 dagger; a +0 robe; an orc corpse You bump into the rock wall.
You feel less confused.
The orc priest calls down the wrath of Beogh upon you.
Beogh smites you!
* * * LOW HITPOINT WARNING * * *
Unknown command.
You feel better. Something hits you but does no damage.
Deactivating autopickup; reactivate with Ctrl-A.
The orc priest hits you but does no damage.
Casting: Foxfire (safe; 2% risk of failure)
Confirm with . or Enter, or press ? or * to list all spells.
You conjure some foxfire!
Something hits you.
* * * LOW HITPOINT WARNING * * *
The orc priest hits you with a +0 club.
* * * LOW HITPOINT WARNING * * *
You closely miss the orc priest.
The foxfire hits something.
The foxfire hits the orc priest.
The orc priest is lightly wounded.
Something hits you but does no damage. The orc priest closely misses you.
Something hits you.
* * * LOW HITPOINT WARNING * * *
The orc priest hits you with a +0 club.
You die...

..# ####.# ..##.# #
#.##.# #. #.##.# #.∩
#.##.# #...#o##.####
#..@......# #######
###.##.#.## ......#
...##.# #
......#############.#
......'.............#
......###############
......# ......#
......#


You could see an orc priest.

Vanquished Creatures
  A jelly (D:4)
  2 orc priests
  2 iguanas (D:4)
  An orc wizard (D:4)
  A howler monkey zombie (D:3)
  6 adders
  7 gnolls
  2 ufetubi (D:4)
  4 worms (D:2)
  2 dart slugs
  9 orcs
  A bat (D:1)
  5 endoplasms
  2 giant cockroaches
  6 goblins
  7 hobgoblins
  13 jackals
  3 kobolds
  5 quokkas
  6 ball pythons
  4 frilled lizards
  7 rats
96 creatures vanquished.

Vanquished Creatures (others)
  An orc wizard (D:5)
  377 foxfires
378 creatures vanquished.

Grand Total: 474 creatures vanquished

Notes
Turn   | Place    | Note
-------+----------+-------------------------------------------
     0 | D:1      | funkygono the Draconian Fire Elementalist began the quest
                  | for the Orb.
     0 | D:1      | Reached XP level 1. HP: 14/14 MP: 3/3
   293 | D:1      | Reached XP level 2. HP: 20/20 MP: 3/5
   557 | D:1      | Found a faded altar of an unknown god.
  1486 | D:2      | Reached XP level 3. HP: 26/26 MP: 3/6
  2371 | D:2      | Reached skill level 4 in Fire Magic
  2425 | D:2      | Found a hazy altar of Hepliaklqana.
  2492 | D:2      | Reached XP level 4. HP: 33/33 MP: 1/8
  2496 | D:2      | Learned a level 3 spell: Conjure Flame
  2501 | D:2      | Learned a level 4 spell: Sticky Flame
  3510 | D:3      | Reached XP level 5. HP: 38/38 MP: 6/9
  4758 | D:4      | Reached skill level 5 in Fire Magic
  4758 | D:4      | Reached XP level 6. HP: 36/45 MP: 0/10
  5378 | D:4      | Found a bloodstained altar of Trog.
  5610 | D:5      | Entered Level 5 of the Dungeon
  5809 | D:5      | Found a glowing golden altar of the Shining One.
  5919 | D:5      | Found Leutiam's Jewellery Shoppe.
  5923 | D:5      | HP: 2/45 [something (5)]
  5923 | D:5      | Slain by an orc priest

Illustrated notes

Levels and vault maps discovered:
D:1:      wheals_arrival_shading, layout_basic,
          ebering_ecumenical_altar_abandoned, minmay_tromino_v4_a
D:2:      layout_rooms, basic_altar, minmay_quantized
D:3:      layout_loops_corners, minmay_misc_feat_plants,
          chequers_serial_rivers_small_3
D:4:      cheibrodos_pilgrimage, layout_basic, lemuel_crystal_altar,
          chequers_serial_rivers_micro_a
D:5:      layout_basic, lemuel_doored_altar, serial_shops, nicolae_shop_stone,
          nicolae_ossuary_entry_ruins

Skill      XL: |  1  2  3  4  5  6 |
---------------+-------------------+-----
Fire Magic     | 4 5 |  5.4
Spellcasting   | 3 |  3.6
Conjurations   | 2 3 |  3.7
Dodging        | 2 |  2.2
Fighting       | |  0.1
Maces & Flails | |  0.2
Stealth        | |  1.7

Action                   |  1- 3 |  4- 6 || total
-------------------------+-------+-------++-------
Melee: Club              |    26 |       ||    26
       Tailslap          |     4 |     2 ||     6
       Whip              |     6 |    31 ||    37
       Mace              |       |     1 ||     1
 Cast: Foxfire           |    91 |   133 ||   224
       Conjure Flame     |       |     1 ||     1
  Use: Scroll            |     5 |    10 ||    15
       Potion            |       |     1 ||     1
Armor: Skin              |     8 |    15 ||    23
Dodge: Dodged            |    37 |    45 ||    82

Table legend: (Time is in decaauts)
 A = Elapsed time spent in this place.
 B = Non-inter-level travel time spent in this place.
 C = Inter-level travel time spent in this place.
 D = Time resting spent in this place.
 E = Time spent auto-exploring this place.
 F = Levels seen in this place.
 G = Mean time per level.
                   A        B        C        D        E       F      G
               +--------+--------+--------+--------+--------+-----+--------+
         Total |   5938 |   5840 |     98 |    399 |   4378 |   5 | 1187.6 |
       Dungeon |   5938 |   5840 |     98 |    399 |   4378 |   5 | 1187.6 |
               +--------+--------+--------+--------+--------+-----+--------+

Top non-repeatable levels by time:
     D:1: 1595 daAuts
     D:4: 1464 daAuts
     D:3: 1406 daAuts
     D:2: 1160 daAuts
     D:5: 312 daAuts
